 Dungeon Crawl Stone Soup version 0.32-a0-630-g46d191b0ed (webtiles) character file.

Game seed: 7354886230295368793

2061 dialectric the Covert (level 9, -4/45 HPs)
             Began as a Spriggan Brigand on Mar 6, 2024.
             Slain by a harpy (9 damage)
             ... in a bailey.
             The game lasted 00:09:39 (5544 turns).

dialectric the Covert (Spriggan Brigand)            Turns: 5544, Time: 00:09:39

Health: -4/45      AC:  3    Str:  7    XL:     9   Next: 5%
Magic:  16/16      EV: 24    Int: 18    God:
Gold:   257        SH:  0    Dex: 27    Spells: 13/16 levels left

rFire   . . .        a - +2 dagger
rCold   . . .        (no shield)
rNeg    . . .        b - +0 robe
rPois   .            (helmet restricted)
rElec   .            c - +0 cloak
rCorr   .            (gloves unavailable)
SInv    +            (boots unavailable)
Will    +....        (no amulet)
Stlth   +++++        f - +6 ring of intelligence
HPRegen 0.27/turn    w - +6 ring of dexterity
MPRegen 0.15/turn

%: no passive effects
@: very quick
A: very small, no large weapons, unfitting armour, see invisible, speed 3
a: no special abilities


You were in a bailey.
You visited 1 branch of the dungeon, and saw 8 of its levels.
You also visited: Bailey.

You collected 257 gold pieces.

Inventory:

Hand Weapons
 a - a +2 dagger (weapon)
 B - a +0 short sword of electrocution
Missiles
 d - 9 poisoned darts
 e - a curare-tipped dart (quivered)
Armour
 b - a +0 robe (worn)
 c - a +0 cloak (worn)
Jewellery
 f - a +6 ring of intelligence (left hand)
 w - a +6 ring of dexterity (right hand)
 D - a ring of resist corrosion
Wands
 k - a wand of iceblast (6)
 y - a wand of polymorph (1)
Scrolls
 h - 2 scrolls of fog {unknown}
 j - 2 scrolls of amnesia {unknown}
 l - a scroll of immolation {unknown}
 m - 4 scrolls of poison {unknown}
 n - a scroll of revelation
 o - a scroll of butterflies {unknown}
 p - 2 scrolls of enchant weapon {unknown}
 t - 2 scrolls of identify {unknown}
 v - 3 scrolls of teleportation {unknown}
 z - a scroll of torment {unknown}
 A - a scroll of noise {unknown}
 E - a scroll of enchant armour {unknown}
Potions
 g - 3 potions of lignification {unknown}
 q - 2 potions of enlightenment {unknown}
 r - a potion of mutation {unknown}
 s - a potion of brilliance {unknown}
 u - a potion of heal wounds {unknown}
 x - a potion of curing {unknown}
 C - a potion of attraction {unknown}


   Skills:
 - Level 4.0 Fighting
 + Level 6.1 Short Blades
 - Level 3.2 Throwing
 - Level 7.0 Dodging
 + Level 10.0 Stealth
 + Level 4.3 Spellcasting
 + Level 4.4 Hexes


You had 13 spell levels left.
You knew the following spells:

 Your Spells              Type           Power      Damage    Failure   Level
a - Confusing Touch       Hex            19%        N/A       7%          3

Your spell library contained the following spells:

 Spells                   Type           Power      Damage    Failure   Level
 Kiss of Death            Conj/Necr      12%        2d6       14%         1
 Dazzling Flash           Conj/Hex       22%        N/A       17%         3
 Scorch                   Fire           6%         2d5       22%         2
 Mephitic Cloud           Conj/Alch/Air  3%         N/A       38%         3
 Dispel Undead            Necr           3%         3d7       80%         4
 Flame Wave               Conj/Fire      3%         2d5       80%         4
 Silence                  Hex/Air        5%         N/A       85%         5
 Curse of Agony           Necr           3%         N/A       98%         5
 Summon Cactus Giant      Summ           1%         N/A       100%        6


Dungeon Overview and Level Annotations

Branches:
Dungeon (8/15)               Lair (0/5) D:8          Bailey (1/1)
 Temple: D:4-7

Altars:
Dithmenos
Hepliaklqana
Makhleb
Ru
Sif Muna
Xom

Annotations:
D:3 1 transporter, dogverified's ghost, weakling MfSh
D:6 1 runed translucent door, dolemite99's ghost, novice CoFi


Innate Abilities, Weirdness & Mutations

You are very small and have problems with some larger weapons.
You are too small for most types of armour.
You have supernaturally acute eyesight. (SInv)
You cover ground extremely quickly. (Speed+++)


Message History

You start resting.
A spriggan comes into view. It is wielding a +0 trident.
You start resting.
A spriggan is nearby!
Aiming: Polymorph
Press: ? - help, Shift-Dir - straight line, f - spriggan
Aim: a spriggan, wielding a +0 trident (wandering, hasn't noticed you, will become a harpy, a cane toad, or a goblin, chance to affect: 17%)
You hear a splash.
The spriggan evaporates and reforms as a harpy!
Unknown command.
Unknown command.
You start resting.
A harpy is nearby!
Okay, then.
You hit the harpy.
The harpy is lightly wounded.
The harpy closely misses you. The harpy claws you!
You hit the harpy.
The harpy is moderately wounded.
The harpy completely misses you. The harpy misses you.
Unknown command.
You enter the shallow water.
Moving in this stuff is going to be slow.
You see here a +0 trident.
The harpy completely misses you. The harpy barely misses you.
The harpy misses you. The harpy barely misses you.
The harpy completely misses you. x2
The harpy claws you. The harpy barely misses you.
You see here a curare-tipped dart.
e - a curare-tipped dart The harpy closely misses you. x2; The harpy barely misses you.
The harpy closely misses you. The harpy claws you!
* * * LOW HITPOINT WARNING * * *
The harpy completely misses you. x2; The harpy claws you.
* * * LOW HITPOINT WARNING * * *
The harpy misses you. The harpy claws you.
* * * LOW HITPOINT WARNING * * *
The harpy completely misses you. The harpy claws you!
You die...

##..)....# ###
##..)))....
##.##
##..#♣##♣##.
##...## ##..♣#
#.....# ##..##
##.....###..##
#...∩..)~~..♣
#......~~~.)#
#.....@H~~..#
#......~~~..#
#...∩..~~)..♣
##.....###..#
#.....# ##..#
##...## ##..#
##.## #..# ###
#... #..


You could see a harpy.

Vanquished Creatures
  Grinder (D:3)
  A spriggan (Bailey)
  A water moccasin (D:6)
  7 ogres (Bailey)
  A centaur (D:5)
  2 phantoms
  A kobold brigand (D:8)
  A bullfrog (D:6)
  2 scorpions
  A crimson imp (D:5)
  3 hounds
  5 iguanas
  Terence (D:2)
  Natasha (thrice) (D:3)
  6 gnolls
  3 adders
  3 ufetubi (D:5)
  A dart slug (D:4)
  A ribbon worm (D:2)
  7 orcs
  4 bats
  10 endoplasms
  3 giant cockroaches (D:1)
  10 goblins
  4 hobgoblins
  7 jackals
  4 quokkas
  2 ball pythons
  2 frilled lizards
  9 kobolds
  7 rats
113 creatures vanquished.

Notes
Turn   | Place    | Note
-------+----------+-------------------------------------------
     0 | D:1      | dialectric the Spriggan Brigand began the quest for the
                  | Orb.
     0 | D:1      | Reached XP level 1. HP: 10/10 MP: 2/2
    66 | D:1      | Reached skill level 6 in Stealth
    83 | D:1      | Reached XP level 2. HP: 10/15 MP: 3/3
   397 | D:1      | Reached XP level 3. HP: 18/18 MP: 4/4
   774 | D:2      | Noticed Terence
   967 | D:2      | Killed Terence
   982 | D:2      | Reached XP level 4. HP: 20/23 MP: 5/5
  1319 | D:3      | Noticed Natasha
  1340 | D:3      | Killed Natasha
  1426 | D:3      | Noticed Natasha
  1436 | D:3      | Killed Natasha
  1554 | D:3      | Found a transporter.
  1557 | D:3      | Noticed dogverified's ghost (weakling MfSh)
  1559 | D:3      | Noticed an ogre
  1563 | D:3      | Identified the +8 giant club "Wuthroc" {drain, rElec rPois
                  | rF++ rC-}
  1563 | D:3      | Noticed an ogre
  1599 | D:3      | Noticed Natasha
  1617 | D:3      | Killed Natasha
  1618 | D:3      | Reached XP level 5. HP: 26/26 MP: 6/6
  1684 | D:3      | Noticed Grinder
  1687 | D:3      | Killed Grinder
  1688 | D:3      | Reached skill level 5 in Dodging
  1688 | D:3      | Reached skill level 7 in Stealth
  1688 | D:3      | Reached XP level 6. HP: 32/32 MP: 7/7
  1934 | D:3      | Found a shadowy altar of Dithmenos.
  2276 | D:4      | Found a sacrificial altar of Ru.
  2989 | D:4      | Reached XP level 7. HP: 34/36 MP: 8/8
  3255 | D:5      | Entered Level 5 of the Dungeon
  3293 | D:5      | Found a shimmering blue altar of Sif Muna.
  3354 | D:5      | Found a burning altar of Makhleb.
  3999 | D:5      | Reached skill level 8 in Stealth
  4007 | D:5      | Learned a level 3 spell: Confusing Touch
  4045 | D:6      | Found a hazy altar of Hepliaklqana.
  4203 | D:6      | Reached XP level 8. HP: 42/42 MP: 8/10
  4304 | D:6      | Found a runed translucent door.
  4306 | D:6      | Found a shimmering altar of Xom.
  4306 | D:6      | Noticed dolemite99's ghost (novice CoFi)
  4308 | D:6      | Noticed a +2 dagger of chaos
  4353 | D:6      | Reached skill level 1 in Spellcasting
  4353 | D:6      | Reached skill level 1 in Hexes
  5087 | D:7      | Reached skill level 5 in Short Blades
  5251 | D:8      | Noticed a red ugly thing
  5251 | D:8      | Noticed a skeletal warrior
  5291 | D:8      | Found a flagged portal.
  5336 | Bailey   | Entered a bailey
  5382 | Bailey   | Reached skill level 9 in Stealth
  5463 | Bailey   | Reached skill level 10 in Stealth
  5463 | Bailey   | Reached XP level 9. HP: 12/45 MP: 16/16
  5530 | Bailey   | a spriggan changed into a harpy
  5530 | Bailey   | Noticed a harpy
  5544 | Bailey   | Slain by a harpy

Illustrated notes

Levels and vault maps discovered:
D:1:      psy_arrival_fountain, layout_rooms
D:2:      kb_forest_paths, layout_loops_ring, uniq_sigmund, uniq_terence,
          uniq_robin, uniq_jessica
D:3:      layout_basic, general_overflow_altar, gammafunk_ghost_smash,
          uniq_natasha, uniq_grinder
D:4:      layout_loops_corners, kennysheep_mini_moat
D:5:      layout_basic, makhleb_grotto_becter, nicolae_sif_muna_condensation,
          minmay_puff
D:6:      layout_layer_cave, nicolae_hepliaklqana_hazy_memory, ebering_ghost_xom
D:7:      layout_rooms, minmay_temple_entry_butterflies, serial_shops, shop,
          nicolae_ossuary_entry_monument
D:8:      minmay_ornate_pinched, layout_basic, grunt_lair_entry_orc_guard_hut,
          gammafunk_ghost_nasty_kobolds, enter_bailey_7,
          amcnicky_mini_rare_corridor_liquid
Bailey:   bailey_polearm_enchanted_keep_hellmonk, bailey

Skill      XL: |  1  2  3  4  5  6  7  8 |
---------------+-------------------------+-----
Stealth        | 6 7 8 10 | 10.0
Dodging        | 2 3 5 7 |  7.0
Fighting       | 2 3 4 |  4.0
Short Blades   | 3 4 6 |  6.1
Throwing       | 3 |  3.2
Spellcasting   | 4 |  4.3
Hexes          | 4 |  4.4

Action                     |  1- 3 |  4- 6 |  7- 9 || total
---------------------------+-------+-------+-------++-------
  Melee: Dagger            |   112 |   110 |   140 ||   362
  Throw: Dart              |     5 |    23 |    36 ||    64
   Cast: Confusing Touch   |       |       |     1 ||     1
  Evoke: Wand              |       |       |    10 ||    10
    Use: Scroll            |       |       |     1 ||     1
   Stab: Sleeping          |     7 |    13 |     8 ||    28
         Confused          |       |       |     1 ||     1
 Armour: Robe              |    35 |    29 |    45 ||   109
  Dodge: Dodged            |   115 |    57 |   152 ||   324

Table legend: (Time is in decaauts)
 A = Elapsed time spent in this place.
 B = Non-inter-level travel time spent in this place.
 C = Inter-level travel time spent in this place.
 D = Time resting spent in this place.
 E = Time spent auto-exploring this place.
 F = Levels seen in this place.
 G = Mean time per level.
                   A        B        C        D        E       F      G
               +--------+--------+--------+--------+--------+-----+--------+
         Total |   3739 |   3584 |    155 |    210 |   2328 |   9 |  415.4 |
       Dungeon |   3557 |   3402 |    155 |    137 |   2296 |   8 |  444.6 |
        Bailey |    182 |    182 |      0 |     72 |     31 |   1 |  182.0 |
               +--------+--------+--------+--------+--------+-----+--------+

Top non-repeatable levels by time:
     D:4: 754 daAuts
     D:5: 626 daAuts
     D:3: 587 daAuts
     D:6: 565 daAuts
     D:1: 453 daAuts
     D:2: 394 daAuts
  Bailey: 182 daAuts
     D:8: 140 daAuts
     D:7: 34 daAuts
